AoeStats
← 非宁静无以致远

Hill Fort

506207847Analyzed
4v4 RM · 18d ago on Sep 12, 2026· 57m 4s· 8 players
Game mode
Random Map
Map size
Large (8 player)
Population
200
Speed
Normal
Resources
Standard
Victory
Conquest
Starting age
Dark Age
Ending age
Imperial Age
RankedLock teamsTeams togetherTeam positionsShared explorationLock speedFull tech treeHidden civsTurbo modeCheats
Victory
Defeat
🇻🇪 Teutons · Venezuela
1137
+14
🇺🇸 Hindustanis · United States
1107
+16
🇭🇰 Mongols · Hong Kong SAR China
1065
+17
🇳🇱 Tatars · Netherlands
1021
+20
🇨🇱 Japanese · Chile
1167
-19
🇧🇷 Bohemians · Brazil
1122
-18
🇺🇸 Persians · United States
1097
-17
🇨🇱 Mongols · Chile
1000
-13
Alima
11:09 Feudal Age
16:02 Castle Age
14:40 Loom
15:08 Double-Bit Axe
15:11 Horse Collar
20:48 Scale Barding Armor
26:37 Forging
27:42 Bow Saw
31:47 Bloodlines
32:37 Gold Mining
32:53 Heavy Plow
39:46 Imperial Age
39:08 Fletching
40:21 Wheelbarrow
39:57 Husbandry
40:19 Chain Barding Armor
40:34 Iron Casting
40:23 Heavy Camel Rider
40:51 Heavy Camel Rider
41:24 Heavy Camel Rider
43:37 Plate Barding Armor
44:04 Blast Furnace
44:48 Two-Man Saw
50:07 Conscription
49:27 Cavalier
51:17 Savar
53:50 Gold Shaft Mining
53:03 Town Watch
56:58 Caravan
Tesorito
0:57 Loom
11:47 Feudal Age
18:52 Castle Age
16:56 Double-Bit Axe
17:44 Horse Collar
19:15 Wheelbarrow
18:25 Town Watch
20:28 Scale Mail Armor
20:39 Forging
24:04 Bow Saw
25:49 Gold Mining
29:20 Chain Mail Armor
31:28 Hand Cart
32:45 Town Patrol
33:32 Iron Casting
41:54 Imperial Age
42:33 Pikeman
43:14 Squires
42:59 Arson
43:00 Gambesons
44:43 Elite Samurai
47:50 Halberdier
51:48 Padded Archer Armor
52:19 Plate Mail Armor
52:49 Blast Furnace
51:40 Fletching
edu_hen
11:09 Feudal Age
16:20 Castle Age
15:06 Forging
14:45 Double-Bit Axe
14:47 Horse Collar
15:05 Loom
16:22 Wheelbarrow
15:54 Scale Mail Armor
18:11 Bow Saw
18:16 Forging
20:17 Heavy Plow
20:43 Hand Cart
30:24 Imperial Age
28:38 Fletching
32:24 Chemistry
32:10 Conscription
31:18 Pikeman
31:55 Bodkin Arrow
32:03 Padded Archer Armor
32:08 Halberdier
33:22 Wagenburg Tactics
33:48 Chain Mail Armor
34:40 Leather Archer Armor
34:22 Bodkin Arrow
35:05 Iron Casting
35:49 Plate Mail Armor
36:15 Bracer
36:47 Ring Archer Armor
38:44 Blast Furnace
41:32 Two-Man Saw
42:18 Light Cavalry
43:06 Scale Barding Armor
44:58 Man-at-Arms
45:53 Husbandry
45:16 Man-at-Arms
46:19 Long Swordsman
48:35 Long Swordsman
49:37 Chain Barding Armor
49:30 Two-Handed Swordsman
50:05 Champion
57:27 Siege Engineers
Calcetin
11:17 Feudal Age
15:47 Castle Age
14:22 Double-Bit Axe
14:46 Horse Collar
15:27 Loom
16:29 Wheelbarrow
18:59 Fletching
19:09 Padded Archer Armor
20:18 Gold Mining
22:47 Bodkin Arrow
25:18 Leather Archer Armor
30:32 Bow Saw
32:16 Hand Cart
38:00 Imperial Age
37:35 Gold Shaft Mining
37:52 Ballistics
38:43 Bracer
39:57 Chemistry
39:25 Drill
39:16 Elite Mangudai
41:15 Thumb Ring
47:21 Light Cavalry
48:12 Bloodlines
51:23 Hussar
Lord_Ermack
5:28 Loom
11:35 Feudal Age
16:48 Castle Age
14:44 Double-Bit Axe
15:19 Horse Collar
15:13 Man-at-Arms
15:44 Arson
17:23 Forging
17:14 Scale Mail Armor
17:49 Bow Saw
17:52 Long Swordsman
19:36 Squires
20:21 Gambesons
22:01 Gold Mining
24:15 Wheelbarrow
24:01 Stone Mining
24:28 Chain Mail Armor
25:57 Iron Casting
26:02 Heavy Plow
28:57 Hand Cart
35:22 Imperial Age
34:13 Stone Shaft Mining
34:31 Fletching
34:42 Padded Archer Armor
36:04 Ballistics
35:28 Two-Handed Swordsman
36:46 Plate Mail Armor
37:17 Blast Furnace
36:26 Champion
38:25 Chemistry
37:22 Bodkin Arrow
37:45 Elite Skirmisher
39:00 Leather Archer Armor
42:06 Ring Archer Armor
41:42 Scale Barding Armor
41:28 Sappers
42:18 Conscription
46:00 Town Watch
47:11 Chain Barding Armor
48:18 Town Patrol
49:30 Capped Ram
50:13 Pikeman
52:53 Crenellations
53:12 Halberdier
55:15 Plate Barding Armor
kneehao
10:25 Feudal Age
14:17 Loom
16:41 Castle Age
14:48 Horse Collar
15:17 Double-Bit Axe
19:39 Bow Saw
22:22 Wheelbarrow
24:00 Town Watch
25:18 Heavy Plow
27:43 Scale Barding Armor
27:49 Forging
28:13 Bloodlines
28:03 Husbandry
29:38 Chain Barding Armor
30:12 Iron Casting
30:57 Scale Mail Armor
31:42 Gold Mining
31:43 Stone Mining
32:44 Chain Mail Armor
32:59 Hand Cart
36:57 Imperial Age
34:21 Fletching
35:09 Light Cavalry
36:48 Bodkin Arrow
37:01 Heavy Camel Rider
37:08 Hussar
37:54 Padded Archer Armor
38:45 Gold Shaft Mining
39:17 Plate Barding Armor
38:44 Padded Archer Armor
39:18 Conscription
40:07 Chemistry
41:34 Blast Furnace
44:24 Imperial Camel Rider
53:48 Elite Skirmisher
56:07 Thumb Ring
Xion574
7:42 Loom
12:16 Feudal Age
17:13 Castle Age
19:47 Wheelbarrow
21:03 Horse Collar
21:19 Double-Bit Axe
25:20 Bow Saw
25:12 Heavy Plow
27:09 Scale Mail Armor
27:19 Forging
32:39 Ballistics
32:24 Fletching
32:35 Padded Archer Armor
33:30 Silk Armor
40:45 Hand Cart
40:55 Bodkin Arrow
45:30 Caravan
47:00 Leather Archer Armor
54:12 Squires
53:57 Arson
53:44 Pikeman
54:45 Scale Barding Armor
55:16 Iron Casting
55:51 Coinage
非宁静无以致远
10:34 Feudal Age
12:39 Double-Bit Axe
15:30 Castle Age
15:34 Horse Collar
16:22 Loom
17:40 Bow Saw
25:33 Fletching
29:03 Bodkin Arrow
35:50 Gold Mining
41:15 Wheelbarrow
43:04 Padded Archer Armor
45:49 Leather Archer Armor
46:27 Bloodlines
52:31 Ballistics
53:08 Hand Cart
53:01 Heavy Plow
54:46 Thumb Ring
56:25 Murder Holes
56:46 Husbandry
57:16 Masonry
Connection lost

Rejoining the realm…

Still unreachable

The connection could not be restored.

Session expired

The server has moved on; the page needs a fresh start.